 Dungeon Crawl Stone Soup version 0.28.0-62-gf88900778d (webtiles) character file.

Game seed: 9511744325901947239

2 Coron the Sneak (level 1, 0/20 HPs)
             Began as a Deep Dwarf Delver on Apr 4, 2023.
             Slain by a killer bee zombie (5 damage)
             ... on level 5 of the Dungeon.
             The game lasted 00:01:01 (208 turns).

Coron the Sneak (Deep Dwarf Delver)                  Turns: 208, Time: 00:01:02

Health: 0/20       AC:  3    Str: 15    XL:     1   Next: 25%
Magic:  0/0        EV: 12    Int: 10    God:
Gold:   29         SH:  0    Dex: 14    Spells: 0/0 levels left

rFire   . . .      SeeInvis .   a - +0 hand axe
rCold   . . .      Faith    .   (no shield)
rNeg    . . .      Spirit   .   b - +0 leather armour
rPois   .          Reflect  .   (no helmet)
rElec   .          Harm     .   (no cloak)
rCorr   .          Rampage  .   (no gloves)
Will    .....                   (no boots)
Stlth   +++.......              (no amulet)
HPRegen 0.00/turn               (no ring)
MPRegen 0.07/turn               (no ring)

@: hasted, very quick
A: damage resistance, heal wounds, sense surroundings 1, no regeneration
a: Heal Wounds


You were on level 5 of the Dungeon.
You visited 1 branch of the dungeon, and saw 1 of its levels.

You collected 29 gold pieces.

Inventory:

Hand Weapons
 a - a +0 hand axe (weapon)
Missiles
 h - 8 stones (quivered)
Armour
 b - a +0 leather armour (worn)
Wands
 g - a wand of digging (3)
Scrolls
 c - a scroll of fog
 d - a scroll of magic mapping
 e - a scroll of fear
 i - a scroll of teleportation {unknown}


   Skills:
 + Level 2.7 Fighting
 + Level 2.3 Axes
 - Level 2.1 Dodging
 - Level 6.0 Stealth


You couldn't memorise any spells.
You didn't know any spells.
Your spell library was empty.

Dungeon Overview and Level Annotations

Branches:
Dungeon (5/15)
 Temple: D:4-7

Altars:


Innate Abilities, Weirdness & Mutations

You are resistant to damage.
You can heal yourself by infusing magical energy.
You passively map a small area around you.
You do not regenerate.


Message History

The killer bee zombie hits you. x2
Your magical essence is drained by the effort!
You feel much better. The killer bee zombie hits you.
The killer bee zombie closely misses you.
You feel yourself speed up. The killer bee zombie hits you.
You completely miss the killer bee zombie.
The killer bee zombie is lightly damaged.
The killer bee zombie closely misses you.
The killer bee zombie barely misses you.
You hit the killer bee zombie.
The killer bee zombie is lightly damaged.
The killer bee zombie hits you but does no damage.
You slash the killer bee zombie!
The killer bee zombie is heavily damaged.
The killer bee zombie hits you. x2
You closely miss the killer bee zombie.
The killer bee zombie is heavily damaged.
The killer bee zombie hits you.
You closely miss the killer bee zombie.
The killer bee zombie is heavily damaged.
The killer bee zombie hits you.
The killer bee zombie hits you but does no damage.
You barely miss the killer bee zombie.
The killer bee zombie is heavily damaged.
The killer bee zombie hits you.
* * * LOW HITPOINT WARNING * * *
You hit the killer bee zombie.
The killer bee zombie is heavily damaged.
The killer bee zombie hits you.
The killer bee zombie completely misses you.
You slash the killer bee zombie!
The killer bee zombie is severely damaged.
The killer bee zombie barely misses you.
You hit the killer bee zombie but do no damage.
The killer bee zombie is severely damaged.
The killer bee zombie closely misses you.
You hit the killer bee zombie.
The killer bee zombie is almost destroyed.
The killer bee zombie hits you!
You die...

#.#.# #.#.# #.#.#
#.#.# #.#.# #.#.#
##############.#.#
............)..Z(#
####.###########@#
####.# #...#
.....# #.###
####.# #.# #.# #.#
#.# #.# #.# #.#
#.# #.# #.# #.#


You could see a killer bee zombie.

Vanquished Creatures
  An orc (D:5)
1 creature vanquished.

Notes
Turn   | Place    | Note
-------+----------+-------------------------------------------
     0 | D:5      | Coron the Deep Dwarf Delver began the quest for the Orb.
     0 | D:5      | Reached XP level 1. HP: 20/20 MP: 1/1
    43 | D:5      | Noticed a hound
    65 | D:5      | Noticed a water moccasin
    98 | D:5      | Noticed an iguana
    98 | D:5      | Noticed an iguana
   208 | D:5      | Slain by a killer bee zombie

Illustrated notes

Levels and vault maps discovered:
D:5:      minmay_opposing_rooms, layout_basic, serial_shops, shop,
          shop_fountains, shop, kennysheep_small_circle

Action                   || total
-------------------------++-------
Melee: Hand axe          ||    15
Throw: Stone             ||     3
 Abil: Heal Wounds       ||     1
  Use: Potion            ||     1
Armor: Leather armour    ||     2
Dodge: Dodged            ||     8
